 Dungeon Crawl Stone Soup version 0.20.1-1-g8b1a95d (webtiles) character file.

135 Sergeek the Skirmisher (level 4, -6/41 HPs)
             Began as a Minotaur Fighter on Sept 11, 2017.
             Killed from afar by an orc wizard (9 damage)
             ... with a magic dart
             ... on level 3 of the Dungeon.
             The game lasted 00:13:23 (1754 turns).

Sergeek the Skirmisher (Minotaur Fighter)           Turns: 1754, Time: 00:13:24

Health: -6/41      AC:  7    Str: 17 (20) XL:     4   Next: 96%
Magic:  3/3        EV:  7    Int:  2 (5)  God:
Gold:   95         SH:  9    Dex: 10 (11) Spells: 3/3 levels left

rFire    . . .     SeeInvis .   a - +0 long sword
rCold    . . .     Gourm    .   c - +0 shield
rNeg     . . .     Faith    .   b - +0 scale mail
rPois    .         Spirit   .   (helmet restricted)
rElec    .         Reflect  .   (no cloak)
rCorr    .         Harm     .   (no gloves)
MR       .....                  (no boots)
Stlth    ..........             (no amulet)
Regen    0.2/turn               (no ring)
MPRegen  0.1/turn               (no ring)

@: no status effects
A: retaliatory headbutt, horns 2
a: no special abilities


You were on level 3 of the Dungeon.
You were not hungry.

You visited 1 branch of the dungeon, and saw 3 of its levels.

You collected 95 gold pieces.

Inventory:

Hand Weapons
 a - a +0 long sword (weapon)
 h - a +0 club
Armour
 b - a +0 scale mail (worn)
 c - a +0 shield (worn)
Scrolls
 e - 6 scrolls of identify {unknown}
 i - 3 scrolls of remove curse {unknown}
 k - a scroll of amnesia {unknown}
 l - a scroll of enchant armour {unknown}
 n - a scroll of noise {unknown}
Potions
 d - a potion of might
 j - a potion of degeneration
Comestibles
 f - 2 bread rations
 g - 2 meat rations
 m - 3 fruits
 o - a chunk of flesh
 q - a royal jelly


   Skills:
 + Level 4.6 Fighting
 + Level 4.2 Long Blades
 + Level 4.3 Armour
 + Level 1.0 Dodging
 + Level 0.3 Stealth
 + Level 4.1 Shields


You had 3 spell levels left.
You didn't know any spells.

Dungeon Overview and Level Annotations

Branches:
Dungeon (3/15)

Altars:


Innate Abilities, Weirdness & Mutations

You reflexively headbutt those who attack you in melee.
You have a pair of horns on your head.


Message History

You closely miss the orc wizard. You headbutt the orc wizard.
The orc wizard is almost dead.
You block the bat's attack.
The orc wizard hits you but does no damage.
You miss the orc wizard. Your headbutt misses the orc wizard.
The orc wizard is almost dead.
The bat hits you but does no damage. The orc wizard hits you with a dagger.
* * * LOW HITPOINT WARNING * * *
You completely miss the orc wizard.
The orc wizard is almost dead.
The bat completely misses you. The orc wizard closely misses you.
You riposte.
You barely miss the orc wizard.
The orc wizard is almost dead.
The orc wizard gestures wildly while chanting.
The orc wizard seems to speed up.
Your shield prevents you from hitting the orc wizard.
The orc wizard is almost dead.
The orc wizard gestures at you while chanting.
The magic dart hits you!
You die...

###........##########...#####..##
..........................>......
############............##.##(...
#...........<.......#.
#...........((#.##.##.
#....[.......(..##.###
#...............##.#
#....b...#.##....#.#
#....@...#.##..#.#.#
#....o.....##......#
##......#####.##..## #.....##
#.###.# #..........#.# #.#
#.(........#.###.#
#..........#..##.#
#####......##.##.# #......##..#.#


You could see an orc wizard and a bat.

Vanquished Creatures
  3 gnolls (D:2)
  5 adders
  2 worms (D:2)
  2 dart slugs
  2 giant cockroaches
  7 goblins
  9 hobgoblins
  11 kobolds
  A ball python (D:1)
  3 bats
  2 frilled lizards
  6 rats
53 creatures vanquished.

Notes
Turn   | Place    | Note
-------+----------+-------------------------------------------
     0 | D:1      | Sergeek the Minotaur Fighter began the quest for the Orb.
     0 | D:1      | Reached XP level 1. HP: 19/19 MP: 0/0
   209 | D:1      | Reached XP level 2. HP: 27/27 MP: 1/1
   847 | D:2      | Reached XP level 3. HP: 23/33 MP: 2/2
   961 | D:2      | Reached XP level 4. HP: 9/41 MP: 3/3
  1519 | D:2      | Reached skill level 1 in Dodging
  1752 | D:3      | HP: 2/41 [orc wizard/dagger (3)]
  1754 | D:3      | Killed from afar by an orc wizard

Skill      XL: |  1  2  3  4 |
---------------+-------------+-----
Armour         | 4 |  4.3
Fighting       | 4 |  4.6
Long Blades    | 3 4 |  4.2
Shields        | 4 |  4.1
Dodging        | 1 |  1.0
Stealth        | |  0.3

Action                   |  1- 3 |  4- 6 || total
-------------------------+-------+-------++-------
Melee: Long sword        |    88 |    56 ||   144
       Headbutt          |    14 |     7 ||    21
  Use: Potion            |       |     4 ||     4
 Stab: Sleeping          |       |     1 ||     1
  Eat: Chunk             |       |     3 ||     3
Armor: Scale mail        |    44 |    26 ||    70
Dodge: Dodged            |    22 |    19 ||    41
Block: Shield            |    46 |    36 ||    82
       Rpst.: Long sword |     4 |     6 ||    10
